 Dungeon Crawl Stone Soup version 0.29-a0-925-g0a7a3d12f8 (webtiles) character file.

Game seed: 12320771254535979985

37 RevDB the Cudgeller (level 3, -7/33 HPs)
             Began as a Minotaur Fighter on July 29, 2022.
             Mangled by Sigmund
             ... wielding a +0 scythe
              (8 damage)
             ... on level 2 of the Dungeon.
             The game lasted 00:08:42 (781 turns).

RevDB the Cudgeller (Minotaur Fighter)               Turns: 781, Time: 00:08:42

Health: -7/33      AC:  9    Str: 22    XL:     3   Next: 21%
Magic:  2/2        EV:  9    Int:  5    God:
Gold:   125        SH:  4    Dex:  9    Spells: 2/2 levels left

rFire   . . .      SeeInvis .   f - +0 mace
rCold   . . .      Faith    .   c - +0 buckler
rNeg    . . .      Spirit   .   b - +0 scale mail
rPois   .          Reflect  .   (helmet restricted)
rElec   .          Harm     .   (no cloak)
rCorr   .          Rampage  .   n - +0 pair of gloves
Will    .....                   e - +0 pair of boots
Stlth   ..........              (no amulet)
HPRegen 0.11/turn               (no ring)
MPRegen 0.08/turn               (no ring)

@: no status effects
A: horns 2, retaliatory headbutt
a: no special abilities


You were on level 2 of the Dungeon.
You visited 1 branch of the dungeon, and saw 2 of its levels.

You collected 125 gold pieces.

Inventory:

Hand Weapons
 a - a +0 flail
 f - a +0 mace (weapon)
Missiles
 k - 10 stones (quivered)
Armour
 b - a +0 scale mail (worn)
 c - a +0 buckler (worn)
 e - a +0 pair of boots (worn)
 n - a +0 pair of gloves (worn)
Scrolls
 g - a scroll of teleportation {unknown}
 i - a scroll of amnesia {unknown}
 o - 2 scrolls of magic mapping {unknown}
 p - a scroll of fear {unknown}
Potions
 d - a potion of might
 h - a potion of lignification {unknown}
 j - a potion of berserk rage {unknown}
 l - a potion of invisibility {unknown}
 m - a potion of haste {unknown}
 q - a potion of curing {unknown}


   Skills:
 - Level 4.0 Fighting
 + Level 4.2 Maces & Flails
 - Level 3.6 Armour
 - Level 3.6 Shields


You had 2 spell levels left.
You didn't know any spells.
Your spell library was empty.

Dungeon Overview and Level Annotations

Branches:
Dungeon (2/15)

Altars:

Annotations:
D:2 Sigmund


Innate Abilities, Weirdness & Mutations

You have a pair of horns on your head.
You reflexively headbutt those who attack you in melee.


Message History

You bump into the rock wall.
You feel less confused.
You are confused.
Found a stone staircase leading down.
Sigmund appears from thin air!
Reactivating autopickup.
Sigmund points at you and mumbles some strange words.
The puff of flame hits you.
Sigmund points at you and mumbles some strange words.
The magic dart hits you.
You feel less confused. You block Sigmund's attack.
You barely miss Sigmund. Sigmund hits you with a +0 scythe.
You barely miss Sigmund. Sigmund hits you with a +0 scythe!
You closely miss Sigmund. You headbutt Sigmund.
Sigmund is lightly wounded.
You hit Sigmund. Your headbutt misses Sigmund.
Sigmund is moderately wounded.
Sigmund barely misses you.
You hit Sigmund.
Sigmund is moderately wounded.
Sigmund closely misses you.
You sock Sigmund!
Sigmund is heavily wounded.
Sigmund hits you with a +0 scythe.
You hit Sigmund but do no damage.
Sigmund is heavily wounded.
Sigmund screams, "Only death can liberate you!"
Sigmund mumbles some strange words.
Sigmund flickers and vanishes!
Deactivating autopickup; reactivate with Ctrl-A.
You closely miss something. Something hits you but does no damage.
Press: ? - help, v - describe, . - travel The floor.
You hit something but do no damage. Something hits you!
* * * LOW HITPOINT WARNING * * *
Sorry, you're not good enough to have a special ability.
You miss something. You hit something. Your headbutt misses something.
Something hits you!
You die...

### #.############
#............#
#.##########.# #.# #.#
#.# #####'##
#.######.......
#########.#....†.......
#.....@{...............
#.####......#..........
#..#'###..........
#..........<......
#............#....
#.................
...........##.....
#...........##.....
........... #.....


There were no monsters in sight!

Vanquished Creatures
  2 adders (D:2)
  A worm (D:2)
  2 endoplasms (D:1)
  A giant cockroach (D:1)
  2 goblins (D:1)
  2 kobolds (D:1)
  2 ball pythons
  3 bats
  2 frilled lizards
  A rat (D:2)
18 creatures vanquished.

Vanquished Creatures (others)
  2 plants (D:1)
2 creatures vanquished.

Grand Total: 20 creatures vanquished

Notes
Turn   | Place    | Note
-------+----------+-------------------------------------------
     0 | D:1      | RevDB the Minotaur Fighter began the quest for the Orb.
     0 | D:1      | Reached XP level 1. HP: 19/19 MP: 0/0
   206 | D:1      | Reached XP level 2. HP: 26/27 MP: 1/1
   563 | D:2      | Reached XP level 3. HP: 29/33 MP: 2/2
   725 | D:2      | Noticed Sigmund
   779 | D:2      | HP: 1/33 [something (10)]
   781 | D:2      | Mangled by Sigmund

Illustrated notes

Levels and vault maps discovered:
D:1:      eino_arrival_druids_welcome, layout_rooms, corexii_leaking_fountain,
          hangedman_abyss_or_decor_lesser_grid, chequers_big_river,
          minmay_misc_feat_pillars
D:2:      layout_basic, minmay_pentomino_x4, uniq_sigmund

Skill      XL: |  1  2 |
---------------+-------+-----
Fighting       | 4 |  4.0
Maces & Flails | 3 4 |  4.2
Armour         | |  3.6
Shields        | |  3.6

Action                   || total
-------------------------++-------
Melee: Mace              ||    53
       Headbutt          ||     7
Armor: Scale mail        ||    18
Dodge: Dodged            ||    19
Block: Buckler           ||     7

Table legend: (Time is in decaauts)
 A = Elapsed time spent in this place.
 B = Non-inter-level travel time spent in this place.
 C = Inter-level travel time spent in this place.
 D = Time resting spent in this place.
 E = Time spent auto-exploring this place.
 F = Levels seen in this place.
 G = Mean time per level.
                   A        B        C        D        E       F      G
               +--------+--------+--------+--------+--------+-----+--------+
         Total |    818 |    783 |     35 |      0 |     75 |   2 |  409.0 |
       Dungeon |    818 |    783 |     35 |      0 |     75 |   2 |  409.0 |
               +--------+--------+--------+--------+--------+-----+--------+

Top non-repeatable levels by time:
     D:1: 511 daAuts
     D:2: 306 daAuts
